 Dungeon Crawl Stone Soup version 0.26-a0-415-g2a96157 (webtiles) character file.

Game seed: 15973689123160292748

371598 Dorkslayer the Brawler (level 21, -3/214 HPs)
             Began as a Troll Fighter on July 24, 2020.
             Was the Champion of the Shining One.
             Slain by a tengu reaver
             ... wielding a +0 halberd
              (6 damage)
             ... while paralysed by a sphinx
             ... on level 5 of the Vaults on July 25, 2020.
             The game lasted 03:28:01 (36998 turns).

Dorkslayer the Brawler (Troll Fighter)             Turns: 36998, Time: 03:28:01

Health: -3/214     AC: 26    Str: 31    XL:     21   Next: 70%
Magic:  27/27      EV:  1    Int:  4    God:    the Shining One [******]
Gold:   1509       SH:  0    Dex: 17    Spells: 20/20 levels left

rFire    + + +     SeeInvis +     - Unarmed
rCold    + . .     Faith    .   S - +2 kite shield
rNeg     + + +     Spirit   .   Q - +0 fire dragon scales
rPois    +         Reflect  .   T - +2 hat {SInv}
rElec    +         Harm     .   p - +3 cloak of the Trombone {rF+}
rCorr    .                      (gloves unavailable)
MR       +....                  (boots unavailable)
Stlth    ..........             X - amulet "Watranilab" {rElec rPois rC++ Regen+}
HPRegen  1.25/turn              K - +4 ring of evasion
MPRegen  0.20/turn              s - ring of Kalaty {+Inv EV+4 Dex+2}

@: paralysed, mighty, divine shield, marked, hasted (expiring), glowing,
studying Armour
A: large, unfitting armour, claws 3, talons 1, rugged brown scales 1, yellow
scales 1, regeneration 1, shaggy fur 1, tough skin 3, no potion heal 1
}: 2/15 runes: decaying, serpentine
a: Divine Shield, Cleansing Flame, Summon Divine Warrior, Brand Weapon With Holy
Wrath, Renounce Religion, Evoke Invisibility


You were on level 5 of the Vaults.
You worshipped the Shining One.
The Shining One was exalted by your worship.
You visited 8 branches of the dungeon, and saw 40 of its levels.
You visited the Abyss 1 time.
You also visited: Sewer and Gauntlet.

You collected 4681 gold pieces.
You spent 3146 gold pieces at shops.
You donated 26 gold pieces to Zin.

Inventory:

Hand Weapons
 a - a +9 war axe of flaming
 k - the +9 mace "Meleq" {vorpal, rC+ SInv Stlth+}
   (You found it on level 10 of the Dungeon)

   It inflicts extra damage upon your enemies.
   It protects you from cold.
   It lets you see invisible.
   It makes you more stealthy.
Missiles
 n - 34 boomerangs (quivered)
 I - 19 silver javelins
 W - 4 boomerangs of dispersal
Armour
 p - the +3 cloak of the Trombone (worn) {rF+}
   (You found it on level 3 of the Elven Halls)

   It protects you from fire.
 Q - +0 fire dragon scales (worn)
 S - a +2 kite shield (worn)
 T - a +2 hat of see invisible (worn)
Jewellery
 s - the ring of Kalaty (right claw) {+Inv EV+4 Dex+2}
   (You found it in a Gauntlet)

   [ring of evasion]

   It affects your evasion (+4).
   It affects your dexterity (+2).
   It lets you turn invisible.
 t - an uncursed ring of resist corrosion
 G - an uncursed amulet of reflection
 H - an uncursed ring of flight
 K - a +4 ring of evasion (left claw)
 U - an uncursed ring of protection from cold
 X - the amulet "Watranilab" (around neck) {rElec rPois rC++ Regen+}
   (You took it off a deep elf blademaster on level 3 of the Elven Halls)

   [amulet of regeneration]

   It greatly protects you from cold.
   It insulates you from electricity.
   It protects you from poison.
   It increases your rate of regeneration.
Wands
 f - a wand of disintegration (2)
 u - a wand of paralysis (32)
 y - a wand of enslavement (12)
 E - a wand of polymorph (33)
 F - a wand of flame (65)
 M - a wand of iceblast (16)
 O - a wand of digging (9)
 V - a wand of acid (3)
Scrolls
 b - 2 scrolls of enchant weapon
 d - 10 scrolls of teleportation
 e - 24 scrolls of remove curse
 g - 16 scrolls of identify
 i - 3 scrolls of magic mapping
 j - 6 scrolls of immolation
 l - 10 scrolls of enchant armour
 m - 8 scrolls of fog
 x - 4 scrolls of fear
 A - 16 scrolls of blinking
Potions
 c - 2 potions of cancellation
 h - 4 potions of haste
 o - 6 potions of mutation
 q - 4 potions of resistance
 r - 3 potions of flight
 w - 2 potions of berserk rage
 z - 2 potions of heal wounds
 B - 4 potions of ambrosia
 J - a potion of might
 L - 15 potions of curing
 P - 3 potions of magic
Books
 Z - a manual of Armour
Miscellaneous
 C - 4 phantom mirrors
 N - a phial of floods
 R - a lightning rod (4/4)
 Y - a tin of tremorstones (2/3)


   Skills:
 * Level 12.4 Fighting
 - Level 4.2(4.9) Axes
 - Level 4.0(5.1) Maces & Flails
 + Level 3.9 Throwing
 * Level 12.3 Armour
 + Level 11.6 Dodging
 - Level 0.2 Stealth
 + Level 18.3 Shields
 + Level 20.6 Unarmed Combat
 + Level 10.3 Invocations
 + Level 7.3 Evocations


You had 20 spell levels left.
You didn't know any spells.
Your spell library contained the following spells:

 Spells                   Type           Power        Failure   Level
 Animate Skeleton         Necr           #.....       73%         1
 Corona                   Hex            #......      73%         1
 Foxfire                  Conj/Fire      #...         73%         1
 Magic Dart               Conj           #...         73%         1
 Pain                     Necr           #...         73%         1
 Sandblast                Erth           #.....       73%         1
 Shock                    Conj/Air       #...         73%         1
 Sting                    Tmut/Pois      #...         73%         1
 Summon Small Mammal      Summ           #...         73%         1
 Blink                    Tloc           N/A          86%         2
 Call Imp                 Summ           #.......     86%         2
 Corpse Rot               Necr/Air       N/A          86%         2
 Ensorcelled Hibernation  Hex/Ice        #.....       86%         2
 Passwall                 Tmut/Erth      #.......     86%         2
 Poisonous Vapours        Pois/Air       #.....       86%         2
 Slow                     Hex            #.......     86%         2
 Sublimation of Blood     Necr           #.........   86%         2
 Swiftness                Air            #.......     86%         2
 Wereblood                Tmut           #.......     86%         2
 Confusing Touch          Hex            #.......     97%         3
 Conjure Flame            Conj/Fire      #.......     97%         3
 Dazzling Flash           Conj/Hex       #.....       97%         3
 Gell's Gravitas          Tloc           #.........   97%         3
 Ignite Poison            Fire/Tmut/Pois #.......     97%         3
 Inner Flame              Hex/Fire       #.......     97%         3
 Mephitic Cloud           Conj/Pois/Air  #.......     97%         3
 Portal Projectile        Hex/Tloc       #.....       97%         3
 Static Discharge         Conj/Air       #.......     97%         3
 Stone Arrow              Conj/Erth      #.....       97%         3
 Summon Guardian Golem    Hex/Summ       #.......     97%         3
 Tukima's Dance           Hex            #.......     97%         3
 Vampiric Draining        Necr           #.........   97%         3
 Airstrike                Air            #.........   100%        4
 Animate Dead             Necr           #.........   100%        4
 Cause Fear               Hex            #.........   100%        4
 Dispel Undead            Necr           #.......     100%        4
 Ice Form                 Ice/Tmut       #.......     100%        4
 Leda's Liquefaction      Hex/Erth       #.........   100%        4
 Olgreb's Toxic Radiance  Pois           #.......     100%        4
 Petrify                  Tmut/Erth      #.......     100%        4
 Sticky Flame             Conj/Fire      #.......     100%        4
 Agony                    Necr           #.......     100%        5
 Alistair's Intoxication  Tmut/Pois      #........    100%        5
 Blade Hands              Tmut           #.........   100%        5
 Bolt of Magma            Conj/Fire/Erth #.........   100%        5
 Borgnjor's Vile Clutch   Necr/Erth      #.........   100%        5
 Excruciating Wounds      Necr           #.........   100%        5
 Fireball                 Conj/Fire      #.........   100%        5
 Lee's Rapid Deconstruct  Erth           #.........   100%        5
 Lightning Bolt           Conj/Air       #.........   100%        5
 Metabolic Englaciation   Hex/Ice        #.........   100%        5
 Summon Forest            Summ/Tloc      #.........   100%        5
 Yara's Violent Unravell  Hex/Tmut       #.........   100%        5
 Death Channel            Necr           #.........   100%        6
 Freezing Cloud           Conj/Ice/Air   #.........   100%        6
 Invisibility             Hex            #.......     100%        6
 Iron Shot                Conj/Erth      #.........   100%        6
 Ozocubu's Refrigeration  Ice            #.........   100%        6
 Simulacrum               Ice/Necr       #.........   100%        6
 Statue Form              Tmut/Erth      #........    100%        6
 Chain Lightning          Conj/Air       #.........   100%        8
 Lehudib's Crystal Spear  Conj/Erth      #.........   100%        8
 Absolute Zero            Ice            #.........   100%        9
 Fire Storm               Conj/Fire      #.........   100%        9
 Shatter                  Erth           #.........   100%        9


Dungeon Overview and Level Annotations

Branches:
Dungeon (15/15)            Temple (1/1) D:5            Lair (6/6) D:9
  Swamp (4/4) Lair:2        Snake (4/4) Lair:3        Slime (0/5) Lair:6
    Orc (2/2) D:12            Elf (3/3) Orc:2        Vaults (5/5) D:13
  Crypt (0/3) Vaults:3     Depths (0/5) D:15          Sewer (visited)
Gauntlet (visited)

Altars:
Ashenzari
Cheibriados
Gozag
Hepliaklqana
Kikubaaqudgha
Nemelex Xobeh
Qazlal
Ru
Uskayaw
Vehumet
Xom
Yredelemnul
Zin
The Shining One

Shops:
D:6 }   Orc:1 }   Orc:2 :?*(*   Vaults:2 *   Vaults:4 !

Annotations:
Elf:2 5 runed translucent doors


Innate Abilities, Weirdness & Mutations

You are too large for most types of armour.
You have claws for hands.
Your natural rate of healing is unusually fast.
You are covered in fur. (AC +1)
You have extremely tough skin. (AC +3)
You have sharp toenails.
You are partially covered in rugged brown scales. (AC +1, +3% HP)
You are partially covered in yellow scales. (AC +2)
Potions are less effective at restoring your health.


Message History

You struggle to resist.
The deep elf annihilator casts a spell.
The deep elf annihilator blinks!
The vault guard completely misses you.
An ettin comes into view. It is wielding two +0 dire flails.
The ogre hits you with a +0 giant club!
* * * LOW HITPOINT WARNING * * *
The yaktaur hits you but does no damage.
The tengu reaver hits you from afar with a +0 halberd!
* * * LOW HITPOINT WARNING * * *
Your extra speed is starting to run out.
The sphinx casts a spell.
You struggle to resist.
The deep elf sorcerer is empowered by the deep elf high priest's aura!
The yaktaur hits you but does no damage.
A yaktaur comes into view.
The vault guard hits you with a +2 great mace of holy wrath!
* * * LOW HITPOINT WARNING * * *
A yaktaur comes into view.
The tengu reaver hits you from afar with a +0 halberd.
You die...

#### ##$c## ##)cO@##
##*eQHCp## #...eeOpD#
..$#....# .. #...).cpW(C#
..#....#...
#cOC....Oe.pC##.#....#p..
.............eC..........
###############c.......##
..........p.O....
..........pO.....


You could see a golden dragon, 2 frost giants, a sphinx (empowered), 2 stone
giants, a vault warden, a tengu reaver (empowered), 2 vault guards, a deep elf
annihilator (empowered), an ettin, 2 deep elf sorcerers, a flayed ghost, 3
two-headed ogres, a vault sentinel (empowered, catching breath), a deep elf high
priest (brilliance aura), 5 yaktaurs, a deep elf mage (empowered), an ogre, a +4
short sword of venom and a battlesphere.

Vanquished Creatures
  Saint Roka (Orc:2)
  Jory (Vaults:4)
  A lich (Vaults:5)
  A tentacled monstrosity (Vaults:5)
  Rupert (D:12)
  A titan (Vaults:5)
  Asterion (Elf:2)
  3 deep elf blademasters (Elf:3)
  2 deep elf master archers (Elf:3)
  Gastronok (Lair:1)
  Agnes (Snake:4)
  3 sphinxes
  4 thorn hunters
  2 tengu reavers (Vaults:5)
  A storm dragon (Vaults:5)
  Roxanne (D:15)
  9 nagarajas
  4 fire giants
  2 frost giants
  11 vault wardens
  Aizul (Snake:1)
  Louise (Swamp:4)
  6 deep elf sorcerers
  6 deep elf elementalists
  10 ironheart preservers
  8 very ugly things
  4 stone giants
  4 deep elf demonologists
  2 war gargoyles (Vaults:5)
  3 entropy weavers
  4 deep elf annihilators (Elf:3)
  A minotaur (Gauntlet)
  6 deep elf death magi
  A jiangshi (Vaults:3)
  A great orb of eyes (Vaults:1)
  3 deep elf high priests
  2 fire dragons
  Fannar (D:11)
  3 ettins
  6 ogre magi
  13 naga warriors
  10 yaktaur captains
  3 ice dragons
  21 hydras
  34 vault guards
  3 ghost crabs
  5 centaur warriors
  An anaconda (shapeshifter) (Vaults:1)
  A death knight (Vaults:3)
  4 shambling mangroves
  4 anacondas
  16 dancing weapons
  12 two-headed ogres
  A deep troll shaman (Vaults:3)
  13 naga sharpshooters
  A queen ant (Lair:5)
  9 alligators
  A deep troll earth mage (Vaults:3)
  6 orc high priests
  Nergalle (D:10)
  7 shock serpents
  11 deep elf knights
  7 salamander mystics
  The ghost of LitLit the Magician, a novice DrFE of Vehumet (D:7)
  5 skeletal warriors (D:15)
  2 fire crabs
  8 sea snakes (Snake:4)
  2 glowing orange brains
  3 unseen horrors
  A spriggan druid (Swamp:2)
  15 deep trolls
  6 swamp dragons
  3 wizards
  3 flayed ghosts
  15 deep elf archers
  14 ironbrand convokers
  9 trolls
  4 naga ritualists
  13 orc knights
  5 harpies (Vaults:3)
  2 orc sorcerers
  11 mana vipers
  2 necromancers
  A phantasmal warrior (Vaults:3)
  A wolf spider (Vaults:4)
  43 deep elf magi
  A stone giant zombie (Vaults:1)
  3 manticores (D:15)
  4 cyclopes
  A frost giant skeleton (Vaults:1)
  15 ugly things
  10 elephants (Lair:6)
  A moth of wrath (shapeshifter) (Vaults:4)
  Joseph (D:8)
  16 salamanders
  A human skeleton (Vaults:1)
  37 black mambas
  6 guardian serpents (Snake:4)
  8 vault sentinels
  2 centaur skeletons
  3 molten gargoyles (Lair:6)
  16 cane toads
  An eye of devastation (Lair:6)
  18 naga magi
  3 large abominations
  8 komodo dragons
  3 rime drakes (Lair:6)
  5 freezing wraiths
  4 kobold demonologists (D:14)
  50 yaktaurs
  11 hornets
  A jumping spider (Vaults:3)
  17 tyrant leeches
  3 meliai (D:14)
  2 wind drakes (shapeshifter)
  2 polar bears (Lair:6)
  A harpy zombie (D:14)
  6 bog bodies
  A raiju (shapeshifter) (Vaults:3)
  18 blink frogs
  A dream sheep (shapeshifter) (Vaults:5)
  13 slime creatures
  17 hippogriffs
  A redback (Vaults:3)
  A ynoxinul (Abyss:2)
  5 air elementals
  8 shadows
  Sigmund (D:4)
  6 wraiths
  6 spriggans
  4 wyverns
  Eustachio (D:5)
  2 tarantellas (Vaults:3)
  2 tarantellas (shapeshifter)
  6 fire bats
  A yak (shapeshifter) (Vaults:3)
  A hog (shapeshifter) (Vaults:2)
  3 water elementals
  39 yaks
  2 steam dragons
  A basilisk (Lair:1)
  2 fire elementals (Elf:1)
  22 vampire mosquitoes
  48 nagas
  An ogre zombie (Vaults:1)
  9 soldier ants
  17 swamp worms
  A warg (Orc:2)
  7 insubstantial wisps (Swamp:3)
  14 water moccasins
  2 acid dragons
  9 hell hounds
  6 porcupines
  3 ice beasts
  36 orc warriors
  A phantom (D:13)
  15 swamp drakes
  A necrophage (D:8)
  23 ogres
  4 sky beasts
  2 eyes of draining
  4 wolves (Lair:2)
  9 centaurs
  11 crocodiles
  4 big kobolds
  17 bullfrogs
  An earth elemental (Elf:2)
  3 small abominations
  A wyvern skeleton (D:6)
  3 scorpions
  16 killer bees
  24 wights
  An orc simulacrum (Vaults:1)
  A howler monkey (shapeshifter) (Vaults:2)
  5 electric eels (Lair:4)
  6 howler monkeys
  A human simulacrum (Vaults:2)
  4 lava snakes (Lair:6)
  4 bullfrog zombies
  2 quasits
  30 orc priests
  A bullfrog skeleton (D:10)
  7 hounds
  5 jellies
  13 orc wizards
  2 centaur zombies
  An iron imp (D:6)
  Jessica (D:2)
  Natasha (twice) (D:2)
  An iguana (shapeshifter) (Vaults:2)
  4 iguanas
  24 worker ants
  A polar bear simulacrum (Lair:3)
  2 wolf simulacra (Lair:3)
  6 yak simulacra (Lair:3)
  A bullfrog simulacrum (D:7)
  A centaur simulacrum (D:7)
  A worker ant zombie (D:11)
  12 adders
  7 gnolls
  3 shadow imps
  2 white imps
  4 ufetubi
  An ooze (D:2)
  A spectral adder (D:7)
  An adder zombie (D:7)
  A worm (D:2)
  A dart slug (D:2)
  8 leopard geckos
  66 orcs
  5 ball pythons
  5 bats
  10 giant cockroaches
  7 goblins
  6 hobgoblins
  17 jackals
  23 kobolds
  5 quokkas
  10 frilled lizards
  2 quokka skeletons
  4 rats
  2 river rat simulacra (Lair:3)
  A crawling corpse (Vaults:5)
  14 fungi
  9 plants
1547 creatures vanquished.

Vanquished Creatures (collateral kills)
  A vault guard (Vaults:4)
  The ghost of kGEAR the Cleaver, a novice MiFi of Trog (D:8)
  2 ironbrand convokers (Vaults:4)
  An orc knight (Vaults:4)
  A hornet (Vaults:4)
  An orc warrior (Orc:2)
  2 orcs (Orc:2)
9 creatures vanquished.

Vanquished Creatures (others)
  A fire dragon (D:15)
  A tyrant leech (Swamp:2)
  2 hornets (Swamp:4)
  An orc warrior (Orc:2)
  A naga (Snake:4)
  A big kobold (D:8)
  An orc (Orc:1)
  8 fungi
  16 plants
  2 starspawn tentacles (Abyss:2)
34 creatures vanquished.

Grand Total: 1590 creatures vanquished

Notes
Turn   | Place    | Note
-------+----------+-------------------------------------------
     0 | D:1      | Dorkslayer the Troll Fighter began the quest for the Orb.
     0 | D:1      | Reached XP level 1. HP: 22/22 MP: 0/0
   196 | D:1      | Reached XP level 2. HP: 29/29 MP: 1/1
   891 | D:2      | Noticed Natasha
   897 | D:2      | Killed Natasha
   897 | D:2      | Reached XP level 3. HP: 27/36 MP: 2/2
  1031 | D:2      | Reached XP level 4. HP: 44/44 MP: 3/3
  1094 | D:2      | Found a sacrificial altar of Ru.
  1357 | D:2      | Found a stormy altar of Qazlal.
  1359 | D:2      | Noticed Jessica
  1373 | D:2      | Killed Jessica
  1378 | D:2      | Noticed Natasha
  1379 | D:2      | Found an ancient bone altar of Kikubaaqudgha.
  1399 | D:2      | Killed Natasha
  1399 | D:2      | Reached skill level 3 in Unarmed Combat
  1406 | D:2      | Reached XP level 5. HP: 53/53 MP: 4/4
  2422 | D:3      | Found an opulent altar of Gozag.
  2422 | D:3      | Found a glowing silver altar of Zin.
  2453 | D:3      | Became a worshipper of Zin the Law-Giver
  2818 | D:4      | Reached * piety under Zin
  3044 | D:4      | Noticed an ogre
  3051 | D:4      | Killed an ogre
  3051 | D:4      | Reached XP level 6. HP: 55/61 MP: 5/5
  3074 | D:4      | Found a transporter.
  3089 | D:4      | Found a transporter.
  3089 | D:4      | Noticed a fire bat
  3097 | D:4      | Killed a fire bat
  3097 | D:4      | Reached skill level 4 in Unarmed Combat
  3097 | D:4      | Reached skill level 1 in Invocations
  3097 | D:4      | Reached skill level 1 in Evocations
  3142 | D:4      | Noticed a fire bat
  3153 | D:4      | Killed a fire bat
  3153 | D:4      | Reached XP level 7. HP: 6/67 MP: 5/7
  3156 | D:4      | Reached ** piety under Zin
  3295 | D:4      | Noticed Sigmund
  3312 | D:4      | Killed Sigmund
  3312 | D:4      | Reached skill level 5 in Unarmed Combat
  3444 | D:4      | Reached XP level 8. HP: 75/75 MP: 8/8
  3693 | D:5      | Entered Level 5 of the Dungeon
  3701 | D:5      | Reached skill level 6 in Unarmed Combat
  3858 | D:5      | Found a staircase to the Ecumenical Temple.
  3867 | Temple   | Entered the Ecumenical Temple
  3930 | D:5      | Found a shattered altar of Ashenzari.
  3935 | D:5      | Saw a vision of the Swamp and the Snake Pit.
  3935 | D:5      | Noticed an alligator
  3935 | D:5      | Noticed an alligator
  3935 | D:5      | Noticed a naga mage
  3935 | D:5      | Noticed a black mamba
  3935 | D:5      | Noticed a black mamba
  3935 | D:5      | Noticed a black mamba
  3935 | D:5      | Noticed a naga warrior
  3935 | D:5      | Noticed a black mamba
  3935 | D:5      | Noticed a naga sharpshooter
  3935 | D:5      | Noticed a naga warrior
  3936 | D:5      | Noticed a naga sharpshooter
  4108 | D:5      | Noticed Eustachio
  4155 | D:5      | Killed Eustachio
  4232 | D:5      | Found a glowing drain.
  4246 | Sewer    | Entered a sewer
  4715 | D:6      | Reached skill level 7 in Unarmed Combat
  4733 | D:6      | Reached XP level 9. HP: 79/83 MP: 10/10
  4843 | D:6      | Found a snail-covered altar of Cheibriados.
  4851 | D:6      | Reached *** piety under Zin
  4985 | D:6      | Reached skill level 5 in Shields
  5021 | D:6      | Found a glowing golden altar of the Shining One.
  5033 | D:6      | Fell from the grace of Zin
  5033 | D:6      | Became a worshipper of the Shining One
  5033 | D:6      | Reached * piety under the Shining One
  5089 | D:6      | Found Mipori's Gadget Shop.
  5092 | D:6      | Bought a wand of enslavement (10) for 120 gold pieces
  5092 | D:6      | Bought a wand of iceblast (5) for 90 gold pieces
  5518 | D:7      | Reached skill level 1 in Throwing
  5676 | D:7      | Reached ** piety under the Shining One
  5678 | D:7      | Reached skill level 8 in Unarmed Combat
  5856 | D:7      | Found a runed translucent gate.
  5856 | D:7      | Found a runed translucent gate.
  5856 | D:7      | Found a runed translucent gate.
  5856 | D:7      | Noticed LitLit's ghost (novice DrFE)
  5924 | D:7      | Killed LitLit's ghost
  5924 | D:7      | Reached skill level 5 in Invocations
  5924 | D:7      | Reached XP level 10. HP: 73/91 MP: 9/12
  6013 | D:8      | Found a runed translucent gate.
  6013 | D:8      | Found a runed translucent gate.
  6013 | D:8      | Found a runed translucent gate.
  6014 | D:8      | Found an opulent altar of Gozag.
  6015 | D:8      | Noticed kGEAR's ghost (novice MiFi)
  6015 | D:8      | Noticed a purple very ugly thing
  6056 | D:8      | Killed a purple very ugly thing
  6056 | D:8      | Reached skill level 9 in Unarmed Combat
  6060 | D:8      | Reached skill level 5 in Dodging
  6069 | D:8      | Killed kGEAR's ghost
  6097 | D:8      | Killed a troll
  6187 | D:8      | Found a basalt altar of Yredelemnul.
  6220 | D:8      | Noticed Joseph
  6233 | D:8      | Killed Joseph
  6266 | D:8      | Upgraded the game from 0.26-a0-412-ga3d1f51b to
                  | 0.26-a0-415-g2a96157
  6286 | D:8      | Reached *** piety under the Shining One
  6415 | D:8      | Reached skill level 10 in Unarmed Combat
  6652 | D:9      | Reached XP level 11. HP: 76/98 MP: 14/14
  7019 | D:9      | Got a smoking falchion
  7030 | D:9      | Identified the cursed +1 falchion "No More Talking"
                  | {vorpal, rN+} (You found it on level 9 of the Dungeon)
  7057 | D:9      | Found a staircase to the Lair.
  7266 | D:9      | Reached skill level 1 in Armour
  7283 | D:9      | Found a shimmering altar of Xom.
  7283 | D:9      | Found a shimmering altar of Xom.
  7284 | D:9      | Found a shimmering altar of Xom.
  7288 | D:9      | Found a shimmering altar of Xom.
  7290 | D:9      | Found a shimmering altar of Xom.
  7383 | D:9      | Found a hazy altar of Hepliaklqana.
  7418 | D:10     | Entered Level 10 of the Dungeon
  7465 | D:10     | Got a polished mace
  7468 | D:10     | Identified the +9 mace "Meleq" {vorpal, rC+ SInv Stlth+}
                  | (You found it on level 10 of the Dungeon)
  7717 | D:10     | Reached skill level 5 in Evocations
  7737 | D:10     | Reached **** piety under the Shining One
  7768 | D:10     | Found a radiant altar of Vehumet.
  7981 | D:10     | Found a snail-covered altar of Cheibriados.
  8149 | D:11     | Gained mutation: You have sharp toenails. [potion of
                  | mutation]
  8149 | D:11     | Gained mutation: You evolve. [potion of mutation]
  8149 | D:11     | Gained mutation: You tend to lose your temper in combat.
                  | [potion of mutation]
  8149 | D:11     | Gained mutation: Your flesh is cold resistant. (rC+)
                  | [potion of mutation]
  8150 | D:11     | Lost mutation: You tend to lose your temper in combat.
                  | [potion of mutation]
  8150 | D:11     | Lost mutation: You evolve. [potion of mutation]
  8150 | D:11     | Lost mutation: Your flesh is cold resistant. (rC+) [potion
                  | of mutation]
  8150 | D:11     | Gained mutation: You are partially covered in rugged brown
                  | scales. (AC +1, +3% HP) [potion of mutation]
  8150 | D:11     | Gained mutation: Potions are less effective at restoring
                  | your health. [potion of mutation]
  8150 | D:11     | Gained mutation: You are partially covered in yellow
                  | scales. (AC +2) [potion of mutation]
  8213 | D:11     | Noticed a white ugly thing
  8221 | D:11     | Killed a white ugly thing
  8373 | D:11     | Noticed a red ugly thing
  8373 | D:11     | Noticed Nergalle
  8374 | D:11     | Noticed Fannar
  8479 | D:10     | Reached skill level 1 in Axes
  8543 | D:11     | Killed a red ugly thing
  8568 | D:10     | Killed Nergalle
  8607 | D:11     | Killed Fannar
  8607 | D:11     | Reached skill level 1 in Maces & Flails
  8842 | D:12     | Noticed a two-headed ogre
  8850 | D:12     | Killed a two-headed ogre
  8996 | D:12     | Noticed a red ugly thing
  9005 | D:12     | Killed a red ugly thing
  9059 | D:12     | Found a staircase to the Orcish Mines.
  9338 | D:12     | Noticed Rupert
  9448 | D:12     | Noticed an unseen horror
  9452 | D:12     | Killed an unseen horror
  9452 | D:12     | Reached skill level 11 in Unarmed Combat
  9452 | D:12     | Reached XP level 12. HP: 112/112 MP: 16/16
  9547 | D:12     | Paralysed by Rupert for 4 turns
  9553 | D:12     | Killed Rupert
  9733 | D:13     | Noticed a centaur warrior
  9758 | D:13     | Killed a centaur warrior
  9839 | D:13     | Noticed a vault guard
  9839 | D:13     | Noticed a vault guard
  9839 | D:13     | Noticed a vault guard
  9840 | D:13     | Noticed a vault guard
  9840 | D:13     | Noticed a vault guard
  9841 | D:13     | Found a gate to the Vaults.
  9841 | D:13     | Noticed a vault guard
  9841 | D:13     | Noticed a vault guard
  9842 | D:13     | Noticed a vault guard
  9847 | D:13     | Killed a vault guard
  9856 | D:13     | Killed a vault guard
  9862 | D:13     | Killed a vault guard
  9866 | D:13     | Killed a vault guard
  9878 | D:13     | Killed a vault guard
  9878 | D:13     | Reached skill level 5 in Fighting
  9878 | D:13     | Reached skill level 12 in Unarmed Combat
  9887 | D:13     | Killed a vault guard
  9901 | D:13     | Killed a vault guard
  9908 | D:13     | Killed a vault guard
 10055 | D:13     | Noticed a two-headed ogre
 10066 | D:13     | Killed a two-headed ogre
 10066 | D:13     | Reached XP level 13. HP: 121/121 MP: 17/17
 10117 | D:13     | Reached ***** piety under the Shining One
 10964 | D:15     | Entered Level 15 of the Dungeon
 11081 | D:15     | Got a jewelled trident
 11082 | D:15     | Identified the +7 trident "Udgheudgh" {flame, rF- Int+7
                  | Dex+5} (You found it on level 15 of the Dungeon)
 11093 | D:15     | Noticed a fire dragon
 11113 | D:15     | Found a staircase to the Depths.
 11613 | D:15     | Reached skill level 13 in Unarmed Combat
 11714 | D:15     | Identified Roxanne's Volume of Earth
 11714 | D:15     | Noticed Roxanne
 11747 | D:15     | Killed Roxanne
 12228 | Lair:1   | Entered Level 1 of the Lair of Beasts
 12228 | Lair:1   | Noticed Gastronok
 12228 | Lair:1   | Reached ****** piety under the Shining One
 12247 | Lair:1   | Killed Gastronok
 12381 | Lair:1   | Reached XP level 14. HP: 104/133 MP: 19/19
 13236 | Lair:2   | Found a gate leading to a gauntlet.
 13242 | Gauntlet | Entered a Gauntlet
 13242 | Gauntlet | Found a large runed translucent door.
 13242 | Gauntlet | Found a large runed translucent door.
 13242 | Gauntlet | Found a large runed translucent door.
 13242 | Gauntlet | Found a large runed translucent door.
 13242 | Gauntlet | Found a runed translucent door.
 13242 | Gauntlet | Found a large runed translucent door.
 13242 | Gauntlet | Found a large runed translucent door.
 13242 | Gauntlet | Found a transporter.
 13242 | Gauntlet | Found a transporter.
 13242 | Gauntlet | Found a large runed translucent door.
 13242 | Gauntlet | Found a large runed translucent door.
 13242 | Gauntlet | Found a runed translucent gate.
 13242 | Gauntlet | Found a runed translucent gate.
 13242 | Gauntlet | Found a transporter.
 13243 | Gauntlet | Found a transporter.
 13246 | Gauntlet | Found a transporter.
 13256 | Gauntlet | Found a runed translucent gate.
 13258 | Gauntlet | Found a large runed translucent door.
 13259 | Gauntlet | Found a large runed translucent door.
 13261 | Gauntlet | Found a transporter.
 13269 | Gauntlet | Found a transporter.
 13272 | Gauntlet | Found a transporter.
 13273 | Gauntlet | Found a transporter.
 13293 | Gauntlet | Found a transporter.
 13312 | Gauntlet | Found a transporter.
 13323 | Gauntlet | Found a transporter.
 13351 | Gauntlet | Found the +3 hat of Pondering {ponderous, MR+ MP+10 Int+5}
 13370 | Gauntlet | Found a large runed translucent door.
 13371 | Gauntlet | Found a large runed translucent door.
 13372 | Gauntlet | Found a large runed translucent door.
 13372 | Gauntlet | Found a large runed translucent door.
 13372 | Gauntlet | Found a large runed translucent door.
 13372 | Gauntlet | Found a large runed translucent door.
 13373 | Gauntlet | Found a runed translucent door.
 13495 | Gauntlet | Got a slimy silver ring
 13538 | Gauntlet | Identified the Tome of Flamy Stones
 13867 | Lair:2   | Found a staircase to the Swamp.
 14133 | Lair:2   | Identified the ring of Kalaty {+Inv EV+4 Dex+2} (You found
                  | it in a Gauntlet)
 14778 | Lair:3   | Found a staircase to the Snake Pit.
 15844 | Lair:5   | Noticed an entropy weaver
 15857 | Lair:5   | Killed an entropy weaver
 15924 | Lair:5   | Noticed an entropy weaver
 15950 | Lair:5   | Killed an entropy weaver
 16117 | Lair:5   | Reached skill level 5 in Armour
 16461 | Lair:6   | Entered Level 6 of the Lair of Beasts
 16535 | Lair:6   | Reached XP level 15. HP: 110/144 MP: 1/20
 16541 | Lair:6   | Found a staircase to the Slime Pits.
 16607 | Lair:6   | Reached skill level 10 in Shields
 16721 | Lair:6   | Reached skill level 14 in Unarmed Combat
 16743 | Lair:6   | Found a large runed translucent door.
 16743 | Lair:6   | Found a large runed translucent door.
 17788 | Orc:1    | Entered Level 1 of the Orcish Mines
 17857 | Orc:1    | Found Gevewuv's Gadget Shop.
 17894 | Orc:1    | Bought a wand of acid (6) for 300 gold pieces
 17894 | Orc:1    | Bought a wand of iceblast (3) for 105 gold pieces
 17970 | Orc:2    | Entered Level 2 of the Orcish Mines
 18022 | Orc:2    | Noticed Saint Roka
 18070 | Orc:2    | Killed Saint Roka
 18171 | Orc:2    | Found Ruditwi's Book Shop.
 18291 | Orc:2    | Found a staircase to the Elven Halls.
 19130 | Orc:2    | Found Buwiesi's General Store.
 19130 | Orc:2    | Found Nan Eqie's Magic Scroll Emporium.
 19131 | Orc:2    | Found Kousucw's Weapon Emporium.
 19131 | Orc:2    | Found Seghoc's Assorted Antiques.
 19222 | Orc:2    | Bought a potion of heal wounds for 85 gold pieces
 19236 | Orc:2    | Bought a scroll of teleportation for 51 gold pieces
 19236 | Orc:2    | Bought a scroll of blinking for 127 gold pieces
 19236 | Orc:2    | Bought a scroll of acquirement for 884 gold pieces
 19238 | Orc:2    | Acquired a manual of Shields
 19243 | Orc:2    | Bought a dented citrine amulet for 115 gold pieces
 19395 | Elf:1    | Entered Level 1 of the Elven Halls
 19582 | Elf:1    | Reached XP level 16. HP: 156/156 MP: 22/22
 20215 | Elf:1    | Identified Bietenie's Incunabulum of the Creative Rocks
 20238 | Elf:1    | Reached skill level 15 in Unarmed Combat
 20365 | Elf:1    | Got a scintillating jade ring
 20366 | Elf:1    | Identified the ring of Fousotob {*Contam rF+ rN+ AC+4} (You
                  | found it on level 1 of the Elven Halls)
 20483 | Elf:2    | Noticed Asterion
 20492 | Elf:2    | Killed Asterion
 20900 | Elf:2    | Found a huge runed translucent gate.
 20900 | Elf:2    | Found a huge runed translucent gate.
 20900 | Elf:2    | Found a huge runed translucent gate.
 20903 | Elf:2    | Found a huge runed translucent gate.
 20905 | Elf:2    | Found a huge runed translucent gate.
 21020 | Elf:3    | Entered Level 3 of the Elven Halls
 21637 | Elf:3    | Reached XP level 17. HP: 90/165 MP: 23/23
 21767 | Elf:3    | Noticed a Brimstone Fiend
 22001 | Elf:3    | Noticed a deep elf master archer
 22001 | Elf:3    | Noticed a deep elf master archer
 22005 | Elf:3    | Killed a deep elf master archer
 22007 | Elf:3    | Killed a deep elf master archer
 22081 | Elf:3    | Noticed a deep elf blademaster
 22082 | Elf:3    | Identified the amulet "Watranilab" {rElec rPois rC++
                  | Regen+}
 22082 | Elf:3    | Noticed a deep elf blademaster
 22099 | Elf:3    | Reached skill level 16 in Unarmed Combat
 22105 | Elf:3    | Killed a deep elf blademaster
 22125 | Elf:3    | Killed a deep elf blademaster
 22149 | Elf:3    | Noticed a deep elf blademaster
 22174 | Elf:3    | Killed a deep elf blademaster
 22280 | Elf:3    | Identified the amulet "Sahiur" {Acrobat rElec rC+ MR+ Str-3
                  | Dex+3}
 22325 | Elf:3    | Identified the Grimoire of Supportive Malediction
 22339 | Elf:3    | Identified the +3 cloak of the Trombone {rF+} (You found it
                  | on level 3 of the Elven Halls)
 22359 | Elf:3    | Identified the Handbook of Moulding
 22377 | Elf:3    | Got a fine dire flail
 22379 | Elf:3    | Got a scorched hand axe
 22384 | Elf:3    | Got a bloodstained halberd
 22390 | Elf:3    | Got an ivory morningstar
 22392 | Elf:3    | Got a crystal battleaxe
 22399 | Elf:3    | Got an ichor-stained flail
 22687 | Orc:2    | Bought a scroll of identify for 34 gold pieces
 22687 | Orc:2    | Bought 3 scrolls of identify for 102 gold pieces
 22688 | Orc:2    | Bought a scroll of identify for 46 gold pieces
 22703 | Orc:2    | Identified the +4 dire flail "Nizyinos" {freeze, rElec
                  | Int+3} (You found it on level 3 of the Elven Halls)
 22706 | Orc:2    | Identified the +7 battleaxe "Tiyr" {vamp, *Noise rElec
                  | rPois rN+} (You found it on level 3 of the Elven Halls)
 22709 | Orc:2    | Identified the +2 morningstar "Athrus" {distort, *Slow +Inv
                  | rF++ MR+} (You found it on level 3 of the Elven Halls)
 22713 | Orc:2    | Identified the +8 hand axe of Callousness {antimagic, rN+}
                  | (You found it on level 3 of the Elven Halls)
 22718 | Orc:2    | Identified the +9 flail "Luibes" {vorpal, rElec rN+ Dex-4
                  | Stlth+} (You found it on level 3 of the Elven Halls)
 22721 | Orc:2    | Identified the +6 halberd of Ashenzari's Delight {drain,
                  | MR+ Int+2 Dex-4 Stlth+} (You found it on level 3 of the
                  | Elven Halls)
 23086 | Swamp:1  | Entered Level 1 of the Swamp
 23211 | Swamp:1  | Acquired 440 gold pieces
 24577 | Swamp:3  | HP: 5/167 [shambling mangrove (14)]
 25279 | Swamp:3  | Identified the +2 robe of the Sparrow {Str+4}
 25280 | Swamp:3  | HP: 8/167 [shambling mangrove (16)]
 25286 | Swamp:3  | HP: 6/167 [hornet[a shambling mangrove] (8)]
 25529 | Swamp:3  | Reached XP level 18. HP: 172/179 MP: 24/24
 25623 | Swamp:4  | Entered Level 4 of the Swamp
 25906 | Swamp:3  | Reached skill level 15 in Shields
 26076 | Swamp:4  | Reached skill level 10 in Dodging
 26475 | Swamp:4  | Noticed Louise
 26485 | Swamp:4  | Cast into level 2 of the Abyss (Louise)
 26490 | Abyss:2  | Found a corrupted altar of Lugonu.
 26619 | Swamp:4  | Escaped the Abyss
 26625 | Swamp:4  | Killed Louise
 26937 | Swamp:4  | Got a decaying rune of Zot
 27099 | Snake:1  | Entered Level 1 of the Snake Pit
 27112 | Snake:1  | Reached skill level 10 in Fighting
 27840 | Snake:1  | Noticed Aizul
 27889 | Snake:1  | Killed Aizul
 28603 | Snake:2  | Reached skill level 17 in Unarmed Combat
 29680 | Snake:4  | Entered Level 4 of the Snake Pit
 29768 | Snake:4  | Noticed Agnes
 29782 | Snake:4  | Killed Agnes
 30101 | Snake:4  | Reached XP level 19. HP: 138/189 MP: 25/25
 30651 | Snake:4  | Got a serpentine rune of Zot
 30933 | Snake:4  | Reached skill level 18 in Unarmed Combat
 31629 | Vaults:1 | Entered Level 1 of the Vaults
 31828 | Vaults:1 | Reached skill level 10 in Armour
 33198 | Vaults:2 | Reached XP level 20. HP: 201/201 MP: 26/26
 33438 | Vaults:2 | Found Deaxkuce's Assorted Antiques.
 33451 | Vaults:2 | Bought a scroll of blinking for 277 gold pieces
 33451 | Vaults:2 | Bought a potion of might for 148 gold pieces
 33451 | Vaults:2 | Bought a potion of curing for 111 gold pieces
 33620 | Vaults:2 | Reached skill level 19 in Unarmed Combat
 33655 | Vaults:2 | Identified the +8 plate armour of Honesty {rF+} (You found
                  | it on level 2 of the Vaults)
 34712 | Vaults:3 | Found a staircase to the Crypt.
 34831 | Vaults:3 | Reached skill level 10 in Invocations
 35190 | Vaults:3 | Acquired a manual of Armour
 35789 | Vaults:4 | Reached skill level 20 in Unarmed Combat
 35952 | Vaults:4 | Reached XP level 21. HP: 211/211 MP: 27/27
 36046 | Vaults:4 | Noticed Jory
 36075 | Vaults:4 | Killed Jory
 36408 | Vaults:4 | Found Builerarr's Distillery.
 36443 | Vaults:4 | Bought a potion of curing for 57 gold pieces
 36443 | Vaults:4 | Bought 2 potions of haste for 380 gold pieces
 36443 | Vaults:4 | Bought 2 potions of curing for 114 gold pieces
 36827 | Vaults:5 | Entered Level 5 of the Vaults
 36954 | Vaults:5 | Noticed a golden dragon
 36994 | Vaults:5 | Paralysed by a sphinx for 6 turns
 36997 | Vaults:5 | HP: 1/214 [vault guard/+2 great mace of holy wrath (14)]
 36998 | Vaults:5 | Slain by a tengu reaver

Illustrated notes

Levels and vault maps discovered:
D:1:      denvon_arrival_waterhouse, layout_basic,
          chequers_serial_rivers_small_a
D:2:      layout_basic, nicolae_ru_awakened_eye, kiku_gazebo_garden_becter,
          overflow_temple_1_default, mrwooster_statue_mirror, uniq_jessica,
          uniq_natasha
D:3:      layout_basic, grunt_temple_overflow_gold_and_silver
D:4:      gammafunk_cloud_chamber, layout_basic, uniq_sigmund
D:5:      layout_basic, minmay_temple_entry_wispy, portal_sewer_entry_d,
          grunt_ashenzari_visionary [grunt_ashenzari_visionary_swamp,
          grunt_ashenzari_visionary_snake], uniq_eustachio
D:6:      layout_basic, slow_altar_1, nicolae_overflow_crystal_walls,
          serial_shops, kennysheep_mini
D:7:      layout_cave_pools, gammafunk_ghost_necromancy, grunt_ministairs_14
D:8:      layout_rooms, yredelemnul_altar_generic, ebering_ghost_gozag,
          uniq_joseph
D:9:      layout_basic, xom_redecorated, nicolae_overflow_hidden_temple,
          erik_lair_dragon
D:10:     layout_irregular_city, basic_altar, kennysheep_flooded_box
D:11:     layout_cave_pools, uniq_nergalle, uniq_fannar
D:12:     minmay_skewed_foursquare, layout_basic, orc_0_dummy, uniq_rupert
D:13:     layout_roguey, erik_vaults_2
D:14:     layout_roguey, corexii_hall_statues_i
D:15:     grunt_enter_depths_hoard, layout_layer_cave,
          hangedman_decor_peaks_small, uniq_roxanne
Temple:   nicolae_temple_hex_pool
Lair:1:   layout_cave_shapes, uniq_gastronok
Lair:2:   layout_regular_city, palyth_hydra_swamp_entry, gauntlet_entry_generic,
          enter_volcano_3
Lair:3:   layout_chaotic_city, guppyfry_snake_entry_island,
          eino_house_with_fridge, grunt_megastairs_4, infiniplex_staircase_pool
Lair:4:   layout_small_grid, serial_bayou, serial_bayou_lake_a,
          serial_bayou_pond_a, serial_bayou_pond_c, serial_bayou_lagoon_b,
          serial_bayou_ford_a, patterned_corridor, lemuel_fruit_fields
Lair:5:   layout_roguey, minmay_another_anthill
Lair:6:   cheibrodos_lair_end_hotspot, layout_long_grid, minmay_slime_entry_eyes
Swamp:1:  layout_basic_swamp, evilmike_swamp_ruin_house_6
Swamp:2:  layout_falls_marsh, serial_swamp_ruin, evilmike_swamp_ruin_rubble_2,
          evilmike_swamp_ruin_house_4, evilmike_swamp_ruin_rubble_1,
          ldierk_geyser, swamp_pool2
Swamp:3:  layout_basic_swamp, hangedman_swamp_ruin_wall
Swamp:4:  swamp_alternative, layout_basic_swamp, uniq_louise
Snake:1:  layout_layer_cave, uniq_aizul
Snake:2:  layout_onion, hangedman_corner_corridor
Snake:3:  layout_basic
Snake:4:  grunt_snake_rune_pools, layout_cave_town, nicolae_snake_squiggles,
          drop_trap, grunt_megastairs_1, uniq_agnes
Orc:1:    layout_caves, serial_shops, nicolae_shop_waterfront
Orc:2:    st_orc_pillars, layout_diamond_mine, serial_shops,
          nicolae_shop_competitors_out_of_business, special_room,
          uniq_saint_roka
Elf:1:    layout_geoelf_octagon, evilmike_minifort
Elf:2:    layout_geoelf_grid, uniq_asterion
Elf:3:    minmay_elf_hall_statues, layout_geoelf_octagon, kb_rosetta
Vaults:1: vaults_room_guarded_vault, v_misc_24, v_alt_pattern_3,
          nicolae_vaults_little_squares_6, vaults_room_corners,
          ontoclasm_vaults_pinch, layout_vaults_quadrants
Vaults:2: v_pattern_1, nicolae_vaults_back_hallway, vaults_room_ringed_pool,
          ontoclasm_vaults_misaligned, hangedman_vaults_unwind,
          grunt_vaults_diagonal, v_alt_pattern_2, vaults_dpeg_hooks,
          v_alt_pattern_3, st_lines, nicolae_vaults_specimen_jars,
          nicolae_vaults_yaktaur_gun_rack, vaults_mumra_lcd, vaults_dpeg_ring,
          layout_vaults_omnicross, serial_shops, shop, serial_glass
Vaults:3: nicolae_vaults_big_ls, minmay_crypt_entry_simple_walls, st_cross,
          v_misc_16, vaults_dpeg_encased_lava, nicolae_vaults_network_s,
          v_misc_30, vaults_room_pool, vaults_standard_mumra_enter_the_diamond,
          nicolae_vaults_network_barrier, ontoclasm_vaults_gateway,
          layout_vaults_chaotic_city
Vaults:4: ontoclasm_vaults_twist, vaults_room_fancy_cross, v_misc_25, v_misc_13,
          vaults_room_glass_cross, v_pattern_2, vaults_mumra_minichess,
          v_misc_30, vaults_standard_mumra_x, nicolae_vaults_little_squares_2,
          vaults_dpeg_diagonal, ontoclasm_vaults_decontamination,
          layout_vaults_omnibox, serial_shops, shop, uniq_jory
Vaults:5: uniq_margery

Skill      XL: |  1  2  3  4  5  6  7  8  9 10 11 12 13 14 15 16 17 18 19 20 21 |
---------------+----------------------------------------------------------------+-----
Shields        | 3 4 5 6 7 8 9 11 13 14 16 17 18 | 18.3
Dodging        | 3 4 5 6 7 8 9 10 11 | 11.6
Fighting       | 3 4 5 6 7 8 9 10 11 12 | 12.4
Unarmed Combat | 3 4 5 7 8 10 11 12 13 14 15 16 17 18 20 | 20.6
Invocations    | 1 2 3 5 6 7 8 9 10 | 10.3
Evocations     | 1 2 3 4 5 6 7 |  7.3
Throwing       | 1 2 3 |  3.9
Armour         | 1 2 3 5 6 7 8 9 10 11 12 | 12.3
Axes           | 2 3 4 |  4.2
Maces & Flails | 2 3 4 |  4.0
Stealth        | |  0.2

Action                   |  1- 3 |  4- 6 |  7- 9 | 10-12 | 13-15 | 16-18 | 19-21 || total
-------------------------+-------+-------+-------+-------+-------+-------+-------++-------
Melee: Unarmed           |    68 |   110 |   342 |   500 |  1321 |  1141 |  1235 ||  4717
       Kick              |       |       |       |    91 |   497 |   473 |   541 ||  1602
       War axe           |       |       |       |       |    40 |   160 |       ||   200
       Punch             |       |       |       |       |       |    33 |       ||    33
Throw: Dart              |       |     3 |     5 |    15 |       |       |       ||    23
       Boomerang         |       |       |       |    13 |    29 |    35 |    13 ||    90
Invok: Divine Shield     |       |       |     2 |     6 |    13 |    18 |    34 ||    73
       Cleansing Flame   |       |       |       |       |     6 |     1 |     5 ||    12
       Summon Divine War |       |       |       |       |       |       |     1 ||     1
Evoke: Wand              |       |       |     3 |    14 |    31 |    11 |       ||    59
       Phial of floods   |       |       |       |       |     3 |       |     1 ||     4
       Lightning rod     |       |       |       |       |     4 |     8 |       ||    12
       Tin of tremorston |       |       |       |       |       |     8 |    15 ||    23
  Use: Scroll            |     3 |       |    13 |    14 |    14 |    16 |     5 ||    65
       Potion            |       |     1 |     5 |     4 |     6 |    12 |     3 ||    31
 Stab: Sleeping          |       |     1 |       |       |       |       |       ||     1
Armor: Robe              |    27 |    30 |    58 |     3 |       |       |       ||   118
       Skin              |       |       |     1 |       |       |       |       ||     1
       Troll leather arm |       |       |       |    71 |    36 |       |       ||   107
       Fire dragon scale |       |       |       |       |   201 |   372 |   214 ||   787
Dodge: Dodged            |    22 |    32 |   104 |   161 |   494 |   807 |   468 ||  2088
Block: Kite shield       |    34 |    59 |   183 |   312 |  1202 |   845 |  1214 ||  3849
       Reflection        |       |       |       |     6 |    45 |    52 |       ||   103
       Other             |       |       |       |       |       |    88 |       ||    88

Table legend: (Time is in decaauts)
 A = Elapsed time spent in this place.
 B = Non-inter-level travel time spent in this place.
 C = Inter-level travel time spent in this place.
 D = Time resting spent in this place.
 E = Time spent auto-exploring this place.
 F = Levels seen in this place.
 G = Mean time per level.
                   A        B        C        D        E       F      G
               +--------+--------+--------+--------+--------+-----+--------+
         Total |  36296 |  34997 |   1299 |   2486 |    529 |  43 |  844.1 |
       Dungeon |  12385 |  11669 |    716 |    463 |    413 |  15 |  825.7 |
        Temple |      1 |      1 |      0 |      0 |      0 |   1 |    1.0 |
          Lair |   5187 |   4814 |    373 |    135 |      0 |   6 |  864.5 |
         Swamp |   4066 |   3959 |    107 |    945 |      0 |   4 | 1016.5 |
     Snake Pit |   4062 |   3988 |     74 |    335 |    116 |   4 | 1015.5 |
  Orcish Mines |   1808 |   1780 |     28 |    108 |      0 |   2 |  904.0 |
   Elven Halls |   3023 |   3023 |      0 |    435 |      0 |   3 | 1007.7 |
        Vaults |   5039 |   5039 |      0 |     64 |      0 |   5 | 1007.8 |
         Abyss |    133 |    133 |      0 |      0 |      0 |   1 |  133.0 |
         Sewer |    294 |    294 |      0 |      0 |      0 |   1 |  294.0 |
      Gauntlet |    293 |    293 |      0 |      0 |      0 |   1 |  293.0 |
               +--------+--------+--------+--------+--------+-----+--------+

Top non-repeatable levels by time:
 Swamp:3: 1625 daAuts
 Snake:4: 1470 daAuts
   Elf:3: 1402 daAuts
Vaults:3: 1369 daAuts
   Orc:2: 1331 daAuts
Vaults:4: 1289 daAuts
Vaults:1: 1224 daAuts
     D:9: 1181 daAuts
 Snake:1: 1180 daAuts
  Lair:2: 1152 daAuts
    D:12: 1096 daAuts
Vaults:2: 1070 daAuts
     D:3: 1043 daAuts
   Elf:1: 1025 daAuts
     D:2: 982 daAuts
